Map: Ascensão para Aiur LE

Players

IagoAbreu

  • Race: Terran Terran
  • Spawn Location: 11:00

I.A. 1 (Mais difícil) - Winner!

  • Race: Zerg Zerg
  • Spawn Location: 5:00

VOD

Have the link to the VOD?

Description

Time

  • Played on: Jan. 11, 2018, 8:46 a.m.
  • Length: 40:55
Show
View Real Time Build Order
Export as new Build Order

IagoAbreu Terran 

Build Orders: Command Center First (CC) 

Get SALT Encoding   

  12  0:01  SCV  
  13  0:13  SCV  
  14  0:22  Supply Depot  
  14  0:25  SCV  
  15  0:34  Supply Depot  
  15  1:06  Command Center  
  15  1:24  Barracks  
  15  1:28  SCV  
  16  1:37  Barracks  
  16  1:45  SCV  
  17  1:54  Refinery  
  17  1:56  Refinery  
  17  1:57  SCV  
  18  2:09  SCV  
  18  2:12  Engineering Bay  
  19  2:21  SCV  
  20  2:31  Marine x2  
  20  2:36  Orbital Command  
  22  2:43  Orbital Command  
  22  2:51  Marine x2  
  24  3:04  SCV  
  25  3:16  SCV  
  25  3:19  SCV  
  27  3:25  Marine x2  
  29  3:29  SCV  
  29  3:31  SCV  
  31  3:41  SCV  
  32  3:43  Marine x2, SCV  
  35  3:53  Terran Infantry Weapons Level 1  
  35  3:55  SCV, Engineering Bay  
  36  4:00  Marine  
  36  4:01  Marine  
  38  4:05  Factory  
  38  4:06  Factory  
  38  4:11  SCV  
  39  4:23  SCV  
  39  4:24  Supply Depot  
  40  4:32  Terran Infantry Armor Level 1  
  40  4:35  SCV  
  40  4:38  Barracks Reactor x2  
  41  4:46  Supply Depot  
  41  4:51  Supply Depot  
  41  4:54  Supply Depot  
  41  4:58  Factory Tech Lab x2  
  35  5:10  Supply Depot  
  35  5:14  Supply Depot  
  35  5:17  Marine x3  
  35  5:18  Marine  
  39  5:26  Siege Tank x2  
  45  5:58  Widow Mine x2  
  49  6:10  Armory  
  49  6:12  SCV  
  50  6:24  SCV  
  51  6:36  SCV  
  52  6:42  Widow Mine x2  
  52  6:45  Marine x4  
  60  6:48  SCV  
  61  7:00  SCV  
  62  7:02  Marine  
  62  7:03  Marine x3, Widow Mine x2  
  62  7:04  Starport  
  70  7:10  Refinery  
  70  7:16  Refinery  
  70  7:20  Marine  
  70  7:21  Marine x3  
  74  7:38  Marine  
  74  7:39  Marine x3  
  74  7:41  Starport  
  78  7:46  Starport Reactor  
  78  8:00  Terran Infantry Weapons Level 2  
  78  8:05  Terran Vehicle Weapons Level 1  
  78  8:09  Hellion  
  78  8:10  Hellion  
  78  8:12  Marine x2  
  82  8:13  Marine x2  
  86  8:20  Terran Infantry Armor Level 2  
  85  8:30  Marine x4  
  85  8:31  Hellion x2  
  93  8:41  Starport Tech Lab  
  93  8:48  Marine x4  
  93  8:50  Liberator x2  
  93  8:52  Hellion x2  
  101  9:06  Marine x4  
  101  9:07  Command Center  
  111  9:14  Hellion x2  
  101  9:35  Hellion x2  
  93  10:15  Viking x2  
  93  10:17  Raven  
  99  10:28  SCV  
  100  10:41  SCV  
  101  10:44  Terran Infantry Weapons Level 3  
  101  10:45  Terran Infantry Armor Level 3  
  101  10:52  Hellion x2  
  101  10:53  SCV  
  101  10:54  Marine  
  101  10:55  Marine x3  
  110  11:05  SCV  
  111  11:12  Marine x2  
  111  11:13  Marine x2  
  111  11:14  Hellion x2  
  120  11:30  Planetary Fortress, Marine x3  
  120  11:31  Marine  
  123  11:35  Hellion x2  
  127  11:48  Marine x4  
  131  11:56  Hellion x2  
  131  12:00  Viking x2  
  139  12:05  Infernal Pre-Igniter  
  139  12:06  Marine x4  
  143  12:18  Hellion x2  
  147  12:23  Marine, Terran Ship Weapons Level 1  
  147  12:24  Marine x3  
  151  12:30  Medivac x2  
  151  12:35  Refinery  
  155  12:37  Refinery  
  155  12:41  Marine x2  
  157  12:49  Supply Depot x2  
  157  12:50  Supply Depot  
  157  13:10  Marine  
  129  14:07  Command Center  
  129  14:08  Refinery  
  129  14:12  Refinery  
  72  14:54  Marine x2, Liberator x2  
  72  14:57  Hellion x2  
  75  15:03  Combat Shields  
  59  15:12  Marine x2  
  65  15:16  Terran Ship Weapons Level 2  
  65  15:18  Hellion x2  
  69  15:29  SCV, Marine  
  69  15:30  Marine, Raven  
  72  15:40  Hellion x2  
  72  15:41  SCV  
  77  15:47  Marine x2  
  68  15:53  SCV  
  69  16:01  Hellion x2  
  65  16:05  SCV  
  60  16:17  SCV  
  48  17:36  Marine x2  
  50  17:39  Hellion x2  
  50  17:42  Marauder  
  56  17:44  Stimpack  
  56  17:47  Thor  
  62  17:52  Liberator x2  
  62  17:54  Marine x2, Banshee  
  67  18:00  Hellion x2  
  67  18:03  Marauder  
  73  18:12  Marine x2  
  81  18:22  Hellion x2  
  81  18:25  Marauder  
  87  18:30  Marine x2, Thor  
  95  18:35  Terran Vehicle Weapons Level 2  
  95  18:37  Banshee  
  98  18:43  Hellion x2  
  98  18:46  Marauder  
  104  18:52  Medivac x2  
  108  19:05  Liberator x2  
  108  19:07  Marauder  
  110  19:13  Thor  
  116  19:20  Raven  
  106  19:49  Barracks Tech Lab  
  106  19:58  Supply Depot  
  106  20:06  Hellion x2  
  110  20:09  Liberator x2  
  110  20:11  Marauder  
  112  20:16  Reaper  
  112  20:19  Thor  
  119  20:22  Banshee  
  119  20:27  Hellion x2  
  132  20:32  Marauder  
  134  20:48  Reaper  
  134  20:49  Hellion x2  
  139  20:51  Terran Ship Weapons Level 3  
  139  20:52  Liberator x2  
  141  21:02  Thor  
  145  21:05  Banshee  
  145  21:10  Hellion x2  
  158  21:20  Reaper  
  158  21:23  Barracks  
  159  21:42  Liberator x2  
  159  21:52  Reaper  
  166  22:04  Banshee  
  169  22:09  Cyclone x2  
  169  22:15  Reaper  
  176  22:23  Building Armor  
  176  22:24  Reaper  
  177  22:41  Cyclone  
  180  22:47  Reaper  
  167  22:59  Banshee  
  167  23:01  Cyclone  
  164  23:19  Reaper  
  152  23:21  Unknown  
  152  23:23  Unknown  
  131  23:51  Reaper  
  132  24:04  Liberator  
  132  24:05  Liberator  
  109  24:23  Reaper  
  110  24:31  Starport Reactor  
  110  24:45  Reaper  
  111  24:47  Liberator x2  
  111  24:55  Reaper  
  111  24:56  Cyclone  
  121  25:11  Orbital Command  
  121  25:17  Reaper  
  122  25:30  Liberator x2  
  104  26:13  Liberator x2  
  104  26:15  Refinery  
  104  26:17  Refinery  
  94  27:36  Liberator x2  
  75  28:09  Liberator  
  75  28:10  Liberator  
  80  28:44  Marine x2  
  75  29:02  Marine x2  
  77  29:06  Liberator x2  
  77  29:19  Marine  
  77  29:20  Marine  
  76  29:37  Marine x2  
  78  29:49  Orbital Command  
  78  29:50  SCV  
  75  30:03  SCV  
  76  30:15  SCV  
  76  30:17  Liberator x2  
  76  30:19  Marine x2  
  79  30:27  SCV  
  80  30:30  Factory Reactor  
  86  30:37  Marine x2  
  86  30:39  SCV  
  89  30:45  SCV  
  90  30:51  Refinery  
  90  30:53  Refinery  
  90  30:55  Marine x2  
  92  30:57  SCV  
  89  31:10  SCV  
  90  31:13  Marine x2  
  92  31:22  SCV  
  93  31:34  SCV  
  94  31:52  Liberator x3  
  94  31:53  Liberator  
  94  32:00  Marine x2  
  96  32:04  Hellion x2  
  60  33:59  Liberator x4  
  60  34:07  Command Center  
  60  34:12  Marine x2  
  70  34:29  Marine  
  70  34:30  Marine  
  58  34:41  Liberator  
  58  34:42  Liberator x3  
  56  34:47  Marine x2  
  64  35:05  Marine x2  
  54  35:26  Marine x2  
  56  35:29  Hellion x2  
  60  35:43  Marine  
  60  35:44  Marine  
  62  35:51  Hellion x2  
  66  36:01  Marine x2, Barracks  
  68  36:12  Hellion x2  
  72  36:19  Marine x2  
  73  36:33  Hellion x2  
  73  36:34  Siege Tank  
  80  36:40  Marine x2  
  83  36:51  Viking x4  
  90  36:57  Marine  
  90  36:58  Marine  
  92  37:03  Terran Vehicle Weapons Level 3  
  92  37:05  Marauder  
  92  37:07  Siege Tank  
  97  37:15  Marine x2  
  97  37:20  Viking  
  97  37:21  Viking x3  
  97  37:22  Thor  
  107  37:27  Marauder  
  115  37:33  Marine  
  116  37:39  Siege Tank  
  119  37:48  Marauder  
  119  37:50  Viking  
  119  37:51  Viking x3  
  127  38:10  Orbital Command  
  60  38:49  Siege Tank  
  60  38:51  Marine x2  
  65  38:56  Siege Tank  
  68  39:06  Marauder  
  68  39:08  Concussive Shells  
  68  39:09  Marine x2  
  72  39:21  Siege Tank  
  75  39:27  Marauder  
  75  39:28  Siege Tank  
  80  39:45  Fusion Core  
  80  39:49  Marauder  
Show
View Real Time Build Order
Export as new Build Order

I.A. 1 (Mais difícil) Zerg - Winner!

Build Orders: Hatch First, Lurkers, Muta Ling Bane 

Get SALT Encoding   

  12  0:01  Drone  
  13  0:12  Overlord  
  13  0:17  Drone  
  14  0:30  Drone x2  
  14  0:34  Drone  
  17  0:53  Hatchery  
  17  0:55  Drone  
  17  1:11  Spawning Pool  
  16  1:12  Drone  
  16  1:16  Drone  
  18  1:18  Extractor  
  18  1:22  Drone  
  18  1:27  Overlord  
  18  1:38  Drone  
  19  1:58  Queen  
  19  1:59  Zergling x2  
  19  2:00  Zergling x2  
  23  2:02  Roach Warren  
  23  2:04  Drone  
  23  2:06  Extractor  
  22  2:10  Drone  
  23  2:23  Lair  
  23  2:28  Drone  
  24  2:51  Extractor  
  24  2:53  Extractor  
  24  2:56  Drone  
  23  2:58  Drone  
  23  3:02  Zergling x2  
  25  3:23  Drone  
  25  3:24  Hydralisk Den  
  25  3:27  Drone  
  25  3:28  Zergling x2  
  26  3:34  Drone, Overlord  
  27  3:46  Drone  
  28  3:49  Baneling Nest  
  28  3:53  Drone  
  28  3:55  Hydralisk  
  28  3:56  Drone  
  28  3:58  Lurker Den  
  28  4:00  Drone  
  31  4:03  Drone  
  31  4:06  Drone  
  33  4:10  Drone  
  33  4:13  Drone  
  35  4:25  Spire  
  35  4:31  Drone  
  35  4:33  Overlord  
  35  4:34  Drone, Baneling  
  36  4:44  Drone  
  37  4:47  Zergling x2  
  38  4:53  Zergling x2  
  37  5:00  Zergling x2  
  37  5:06  Baneling x2  
  38  5:12  Overlord  
  38  5:13  Zergling x2  
  39  5:19  Zergling x2  
  40  5:25  Zergling x2  
  41  5:29  Drone  
  41  5:32  Zergling x2, Baneling  
  41  5:34  Drone  
  44  5:38  Mutalisk, Drone  
  44  5:40  Drone  
  48  5:45  Mutalisk  
  48  5:46  Overlord  
  48  5:49  Drone  
  51  5:51  Mutalisk  
  51  5:52  Drone  
  54  5:57  Drone  
  54  5:58  Drone  
  56  6:04  Metabolic Boost  
  56  6:08  Drone  
  56  6:09  Drone  
  58  6:15  Evolution Chamber  
  58  6:16  Mutalisk  
  58  6:17  Drone  
  60  6:19  Drone  
  60  6:23  Overlord  
  61  6:25  Drone  
  61  6:29  Drone  
  61  6:32  Drone  
  64  6:40  Drone  
  64  6:41  Zerg Ground Armor Level 1  
  64  6:43  Drone  
  66  6:47  Drone  
  66  6:48  Drone  
  66  6:50  Overlord  
  66  6:52  Drone  
  69  6:55  Drone  
  69  6:59  Burrow  
  70  7:01  Drone  
  70  7:05  Drone  
  72  7:12  Drone  
  72  7:16  Zergling x2  
  72  7:19  Overlord  
  74  7:22  Zergling x2  
  74  7:29  Zergling x2  
  75  7:35  Centrifical Hooks, Baneling  
  75  7:36  Zergling x2, Baneling x2  
  76  7:42  Zergling x2  
  77  7:48  Spore Crawler  
  77  7:49  Zergling x2  
  77  7:50  Spore Crawler  
  76  7:53  Overlord  
  76  7:54  Infestation Pit  
  76  7:55  Zergling x2, Drone  
  76  7:57  Spore Crawler, Overseer x2  
  76  8:01  Zergling x2  
  76  8:03  Drone  
  78  8:07  Mutalisk, Spore Crawler, Drone  
  78  8:11  Queen  
  82  8:14  Mutalisk  
  82  8:15  Overlord  
  82  8:18  Spine Crawler  
  82  8:19  Drone  
  84  8:22  Mutalisk  
  84  8:24  Drone, Spine Crawler  
  86  8:28  Mutalisk, Queen  
  86  8:33  Drone, Spine Crawler  
  90  8:35  Zerg Melee Weapons Level 1  
  90  8:37  Spine Crawler  
  90  8:38  Drone  
  90  8:42  Drone, Evolution Chamber  
  90  9:00  Roach, Overlord  
  90  9:01  Pneumatized Carapace  
  92  9:05  Hive, Hydralisk  
  92  9:07  Zerg Missile Weapons Level 1  
  92  9:08  Overseer  
  94  9:10  Hatchery  
  94  9:11  Hydralisk  
  95  9:17  Roach  
  95  9:20  Overlord  
  95  9:23  Hydralisk  
  97  9:28  Hydralisk  
  90  9:34  Hydralisk  
  72  9:40  Infestor  
  72  9:46  Lurker x2, Zergling x2  
  72  9:52  Hydralisk  
  77  9:57  Hydralisk  
  79  10:03  Hydralisk  
  81  10:09  Lurker, Hydralisk  
  81  10:10  Lurker  
  85  10:15  Hydralisk  
  88  10:21  Lurker, Lair, Ravager  
  88  10:23  Drone x2  
  88  10:24  Drone x4  
  88  10:25  Roach, Drone x3  
  88  10:26  Drone  
  101  10:29  Zerg Melee Weapons Level 2  
  101  10:30  Hydralisk  
  103  10:36  Hydralisk  
  103  10:37  Lurker  
  103  10:38  Drone, Extractor  
  103  10:39  Extractor  
  103  10:40  Drone  
  106  10:59  Spore Crawler, Drone  
  106  11:01  Spore Crawler, Zerg Ground Armor Level 2  
  106  11:02  Drone  
  106  11:04  Queen  
  108  11:18  Pathogen Glands  
  108  11:25  Zerg Flyer Weapons Level 1, Spine Crawler  
  107  11:26  Drone  
  107  11:27  Spine Crawler  
  107  11:28  Drone  
  108  11:48  Ultralisk Cavern  
  108  11:49  Drone  
  108  12:45  Zerg Missile Weapons Level 2  
  108  12:48  Overlord  
  108  12:49  Ultralisk  
  114  12:54  Ultralisk  
  120  12:59  Hatchery, Ultralisk  
  125  13:07  Ultralisk, Overlord  
  125  13:12  Ultralisk  
  137  13:20  Greater Spire  
  137  13:23  Zergling x2  
  137  13:26  Overlord  
  137  13:29  Ultralisk  
  137  13:34  Zerg Melee Weapons Level 3  
  141  13:41  Ultralisk  
  141  13:46  Hydralisk, Overlord  
  134  13:51  Hydralisk  
  114  14:03  Hydralisk  
  114  14:04  Overlord  
  114  14:08  Overseer, Hydralisk  
  118  14:11  Drone, Queen  
  118  14:14  Hydralisk  
  118  14:16  Overseer  
  122  14:19  Zergling x2  
  122  14:20  Extractor  
  122  14:21  Spore Crawler, Drone  
  122  14:23  Drone, Queen  
  105  14:24  Hydralisk  
  105  14:25  Spore Crawler  
  105  14:26  Drone, Extractor  
  88  14:32  Zerg Flyer Armor Level 1  
  88  14:36  Ultralisk  
  94  14:40  Hydralisk  
  94  14:45  Drone  
  89  14:47  Drone  
  89  14:48  Drone x2  
  89  14:50  Ultralisk, Drone  
  95  14:55  Zergling x2  
  93  15:00  Overseer  
  93  15:01  Zerg Ground Armor Level 3  
  83  15:12  Ultralisk  
  83  15:13  Overseer  
  81  15:17  Hydralisk  
  82  15:22  Hydralisk  
  82  15:27  Hydralisk  
  85  15:35  Ultralisk  
  91  15:40  Zergling x2  
  91  15:47  Ultralisk, Overlord  
  97  15:54  Hatchery  
  96  16:02  Ultralisk  
  102  16:05  Overlord  
  102  16:10  Zergling x6  
  102  16:11  Zergling x6  
  108  16:12  Extractor  
  108  16:13  Mutalisk  
  108  16:17  Zergling x2  
  103  16:20  Mutalisk  
  103  16:21  Zergling x6  
  103  16:22  Zergling x4  
  103  16:23  Zergling x2  
  103  16:24  Zergling x4  
  107  16:28  Mutalisk  
  107  16:29  Overlord  
  107  16:31  Baneling x2  
  107  16:32  Zergling x4, Baneling x2  
  111  16:33  Baneling  
  111  16:40  Mutalisk  
  113  16:47  Mutalisk  
  113  16:48  Overlord  
  115  16:55  Mutalisk, Drone  
  115  16:58  Zergling x2, Baneling  
  115  16:59  Baneling  
  119  17:01  Zergling x2, Baneling  
  119  17:03  Baneling  
  119  17:05  Zergling x2, Baneling  
  119  17:06  Drone x4  
  119  17:07  Drone x3, Overlord  
  119  17:08  Drone x2  
  130  17:09  Drone  
  130  17:12  Mutalisk, Drone  
  128  17:19  Mutalisk  
  124  17:26  Mutalisk  
  126  17:34  Mutalisk, Overlord  
  128  17:41  Mutalisk  
  130  17:48  Mutalisk  
  132  17:52  Overlord  
  132  17:58  Spore Crawler  
  132  17:59  Drone  
  132  18:00  Adrenal Glands, Spore Crawler  
  132  18:01  Drone  
  132  18:06  Spine Crawler  
  132  18:07  Drone  
  132  18:10  Spine Crawler  
  132  18:11  Drone  
  132  18:14  Zerg Missile Weapons Level 3  
  132  18:25  Drone, Spine Crawler  
  132  18:26  Chitinous Plating, Spine Crawler  
  131  18:28  Drone  
  132  18:42  Hatchery  
  131  18:51  Zerg Flyer Weapons Level 2  
  131  19:10  Roach  
  131  19:12  Roach, Overlord  
  131  19:14  Roach  
  131  19:16  Roach  
  139  19:20  Hydralisk  
  139  19:25  Hydralisk  
  139  19:28  Roach  
  139  19:30  Roach  
  129  19:33  Zergling x2  
  129  19:35  Roach  
  129  19:37  Roach  
  102  19:39  Hydralisk  
  102  19:44  Hydralisk  
  94  19:55  Drone  
  94  19:58  Queen, Infestor  
  99  20:04  Swarm Host, Extractor  
  99  20:05  Spore Crawler, Drone x2  
  102  20:07  Spore Crawler  
  102  20:08  Drone  
  102  20:09  Roach, Drone, Extractor  
  102  20:12  Roach  
  106  20:14  Roach  
  106  20:17  Roach  
  106  20:19  Roach  
  114  20:21  Roach  
  114  20:23  Roach  
  114  20:25  Roach  
  114  20:27  Hydralisk  
  120  20:29  Hydralisk  
  120  20:31  Spine Crawler, Hydralisk  
  120  20:32  Drone, Spine Crawler  
  120  20:33  Hydralisk  
  120  20:34  Drone  
  126  20:36  Infestor  
  128  20:44  Infestor  
  128  20:48  Swarm Host  
  133  20:55  Glial Reconstitution  
  133  21:20  Zerg Flyer Weapons Level 3  
  133  22:09  Spire  
  133  22:12  Drone  
  133  22:13  Tunneling Claws  
  133  22:50  Queen  
  133  22:51  Drone x3, Queen  
  129  22:52  Drone x5  
  129  22:53  Drone x2  
  129  22:55  Drone x2  
  129  22:56  Drone x3  
  129  22:57  Drone x2  
  132  23:00  Drone  
  133  23:12  Zergling x2  
  133  23:16  Hydralisk  
  133  23:17  Spine Crawler  
  133  23:18  Hydralisk  
  133  23:19  Drone  
  115  23:20  Infestor  
  115  23:21  Zerg Flyer Armor Level 2  
  115  23:23  Roach, Queen  
  115  23:25  Hydralisk  
  89  23:27  Queen, Hydralisk  
  89  23:30  Roach  
  89  23:31  Hydralisk  
  89  23:34  Hydralisk  
  95  23:37  Roach  
  95  23:38  Hydralisk  
  95  23:39  Drone x2  
  101  23:41  Roach, Drone  
  101  23:42  Drone x5  
  101  23:43  Roach, Drone x2  
  101  23:44  Drone x2  
  101  23:45  Hydralisk  
  101  23:46  Drone x2  
  101  23:47  Drone x2  
  101  23:48  Roach, Hatchery  
  104  23:51  Zergling x2  
  104  23:54  Drone  
  98  23:56  Drone  
  98  23:57  Drone  
  98  23:58  Roach  
  98  23:59  Drone x3  
  98  24:00  Drone  
  98  24:01  Roach, Drone  
  109  24:03  Drone, Infestor  
  109  24:05  Drone  
  109  24:06  Extractor  
  112  24:12  Hydralisk  
  112  24:15  Queen, Hydralisk  
  110  24:18  Roach  
  110  24:21  Roach, Ravager  
  110  24:23  Ravager  
  110  24:24  Roach, Ravager  
  119  24:26  Roach  
  119  24:28  Roach, Ravager x2, Drone  
  119  24:29  Drone x2  
  119  24:31  Roach  
  130  25:01  Queen  
  132  25:13  Extractor  
  132  25:14  Drone  
  132  25:18  Spore Crawler  
  132  25:19  Drone  
  132  25:20  Spore Crawler  
  132  25:21  Drone, Extractor  
  132  25:23  Drone  
  132  25:31  Zergling x2  
  132  25:35  Roach  
  132  25:37  Roach  
  132  25:40  Roach, Zerg Flyer Armor Level 3  
  132  25:41  Hydralisk  
  115  25:44  Roach, Spine Crawler  
  115  25:45  Drone  
  115  25:46  Roach, Spine Crawler  
  115  25:48  Roach, Drone  
  95  25:50  Roach  
  95  25:52  Hydralisk  
  95  25:53  Overlord  
  95  25:55  Roach  
  95  25:56  Hydralisk  
  98  25:57  Overseer  
  98  25:59  Hydralisk  
  98  26:00  Overseer  
  98  26:01  Hydralisk  
  98  26:03  Hydralisk  
  98  26:04  Ravager  
  107  26:05  Hydralisk  
  107  26:08  Hydralisk  
  107  26:10  Infestor  
  110  26:12  Infestor  
  110  26:13  Overlord  
  110  26:15  Roach  
  110  26:17  Queen  
  114  26:23  Spore Crawler, Ravager, Drone, Roach  
  115  26:27  Drone x3  
  115  26:28  Spore Crawler, Drone x3  
  115  26:29  Drone x3  
  115  26:30  Drone  
  115  26:31  Drone x3, Overlord  
  115  26:32  Spore Crawler, Drone x4  
  115  26:33  Drone x2  
  115  26:35  Drone  
  115  26:38  Zergling x2  
  117  26:40  Roach  
  117  26:43  Roach  
  117  26:45  Roach  
  117  26:46  Overseer  
  97  26:47  Roach  
  97  26:49  Roach  
  97  26:52  Roach, Overlord  
  97  26:53  Hydralisk  
  103  26:55  Hydralisk  
  103  26:58  Hydralisk  
  103  27:00  Hydralisk  
  95  27:04  Roach  
  95  27:06  Roach, Ravager  
  102  27:08  Roach  
  102  27:10  Ravager, Overlord  
  102  27:13  Roach  
  102  27:14  Hydralisk  
  106  27:16  Hydralisk  
  106  27:19  Hydralisk  
  105  27:24  Hatchery  
  105  27:27  Overseer  
  99  27:36  Zergling x2  
  86  27:38  Roach  
  86  27:41  Roach  
  86  27:43  Roach  
  69  27:46  Roach  
  69  27:49  Hydralisk  
  73  27:52  Roach  
  73  27:55  Roach  
  73  27:58  Roach  
  79  28:00  Roach  
  79  28:03  Roach  
  83  28:06  Overlord  
  83  28:08  Roach  
  83  28:11  Zergling x2  
  71  28:13  Overseer  
  71  28:14  Hatchery, Hydralisk  
  71  28:17  Roach  
  76  28:20  Roach  
  76  28:22  Roach  
  76  28:25  Roach, Ravager  
  81  28:28  Roach  
  81  28:31  Hydralisk  
  85  28:34  Overlord  
  85  28:37  Hydralisk  
  86  28:41  Zergling x2  
  86  28:44  Roach  
  86  28:47  Roach  
  74  28:51  Roach  
  74  28:53  Roach  
  74  28:55  Roach  
  68  28:58  Roach  
  68  29:00  Roach  
  62  29:03  Roach  
  62  29:06  Roach  
  62  29:09  Roach  
  65  29:12  Hydralisk  
  65  29:15  Drone  
  65  29:20  Hydralisk  
  65  29:23  Zergling x2  
  57  29:26  Roach  
  57  29:29  Drone  
  57  29:31  Drone  
  55  29:33  Drone  
  56  29:50  Drone  
  56  29:52  Drone  
  57  29:56  Roach  
  45  30:15  Roach  
  45  30:18  Hatchery  
  45  30:19  Roach  
  48  30:22  Roach  
  48  30:26  Roach  
  52  30:31  Hydralisk  
  54  30:36  Hydralisk  
  54  30:39  Zergling x2  
  57  30:43  Roach  
  57  30:47  Roach  
  61  30:51  Roach  
  61  30:55  Roach  
  65  30:58  Roach  
  65  31:02  Roach  
  63  31:05  Zergling x2  
  63  31:08  Roach  
  61  31:13  Infestor  
  61  31:18  Roach  
  65  31:22  Hydralisk  
  67  31:27  Hydralisk  
  67  31:31  Overseer  
  69  31:35  Infestor  
  69  31:36  Hatchery  
  70  31:51  Infestor  
  72  31:57  Overlord  
  71  32:10  Hatchery  
  71  32:11  Overseer  
  48  32:28  Roach  
  48  32:32  Roach  
  50  32:37  Roach  
  50  32:42  Roach  
  54  32:48  Hatchery  
  54  32:50  Hydralisk  
  55  32:59  Hydralisk  
  55  33:05  Zergling x2  
  58  33:12  Roach  
  60  33:20  Roach  
  62  33:32  Overseer  
  62  33:37  Roach  
  64  33:49  Roach  
  50  33:57  Roach  
  50  34:00  Roach  
  45  34:03  Roach  
  45  34:09  Hydralisk  
  47  34:14  Roach  
  47  34:18  Hydralisk  
  47  34:42  Zergling x2  
  48  35:03  Ultralisk Cavern  
  48  35:05  Hydralisk  
  48  35:06  Overseer  
  45  35:16  Overlord  
  45  35:21  Hydralisk  
  45  35:26  Hydralisk  
  49  35:50  Ultralisk  
  49  35:51  Extractor  
  49  35:52  Overseer, Drone  
  49  35:53  Extractor  
  49  35:54  Drone  
  49  35:55  Ultralisk  
  61  36:00  Ultralisk  
  67  36:04  Overlord  
  67  36:05  Ultralisk  
  73  36:15  Drone  
  73  36:16  Drone x2  
  76  36:25  Overlord  
  76  36:41  Ultralisk  
  76  36:43  Overlord  
  82  37:00  Ultralisk  
  88  37:18  Overlord  
  88  37:19  Ultralisk  
  94  37:23  Hydralisk  
  94  37:28  Hydralisk  
  98  37:30  Spore Crawler, Drone  
  98  37:33  Hydralisk  
  98  37:35  Spore Crawler, Drone  
  98  37:37  Drone  
  101  37:41  Overlord  
  101  37:45  Roach  
  101  37:49  Roach  
  105  37:53  Roach  
  107  37:59  Roach  
  107  38:02  Overlord  
  109  38:06  Roach  
  111  38:14  Overlord  
  111  38:19  Overlord  
  92  38:22  Zergling x2  
  92  38:25  Roach  
  77  38:29  Roach  
  77  38:33  Roach  
  75  38:37  Roach  
  75  38:40  Roach  
  79  38:44  Hydralisk  
  81  38:49  Hydralisk  
  81  38:54  Infestor  
  85  38:55  Overseer  
  85  39:14  Hatchery  
  84  39:21  Roach  
  86  39:25  Roach  
  86  39:26  Overseer  
  86  39:28  Roach  
  90  39:33  Overlord  
  90  39:38  Roach  
  92  39:42  Roach  
  96  39:45  Roach  
  96  39:49  Roach  
  98  39:54  Overlord  
  98  39:58  Roach  
  100  40:02  Roach  
  100  40:05  Roach  
  104  40:09  Hydralisk  
  106  40:14  Overlord  
  106  40:20  Overlord  
  103  40:29  Drone  
  103  40:30  Drone  
  103  40:34  Drone  
  89  40:41  Overseer  
  76  40:52  Hatchery  
Tags
 
Add a new tag
Caveats
  • Supply blocks, unpowered buildings, or Contaminate may cause inaccurate times.
  • Supply counts are checked every 10 seconds.